 Dungeon Crawl Stone Soup version 0.28-a0-1594-ga885d4b3d6 (webtiles) character file.

Game seed: 9964294737482533161

30 vecksagos the Covered (level 3, -3/29 HPs)
             Began as a Human Fighter on Jan 20, 2022.
             Slain by a worm (7 damage)
             ... on level 2 of the Dungeon.
             The game lasted 00:16:57 (1507 turns).

vecksagos the Covered (Human Fighter)               Turns: 1507, Time: 00:16:57

Health: -3/29      AC:  6    Str: 18    XL:     3   Next: 37%
Magic:  3/3        EV:  9    Int:  8    God:
Gold:   41         SH:  4    Dex: 12    Spells: 2/2 levels left

rFire   . . .      SeeInvis .   a - +0 war axe
rCold   . . .      Faith    .   c - +0 buckler
rNeg    . . .      Spirit   .   b - +0 scale mail
rPois   .          Reflect  .   (no helmet)
rElec   .          Harm     .   (no cloak)
rCorr   .          Rampage  .   (no gloves)
Will    .....                   (no boots)
Stlth   ..........              (no amulet)
HPRegen 0.09/turn               (no ring)
MPRegen 0.08/turn               (no ring)

@: no status effects
A: no striking features
a: no special abilities


You were on level 2 of the Dungeon.
You visited 1 branch of the dungeon, and saw 2 of its levels.

You collected 41 gold pieces.

Inventory:

Hand Weapons
 a - a +0 war axe (weapon)
 f - a +0 club
 g - a +0 spear
 h - a +0 dagger
 j - a +0 hunting sling of flaming
 l - a +0 dagger
 n - a +0 club
 q - a +0 short sword
 t - a +0 short sword
 u - a +0 club
 v - a +0 club
 w - a +0 dagger
 x - a +0 falchion
 y - a +0 dagger
 z - a +0 long sword
 A - a +0 dagger
 C - a +0 rapier
Missiles
 r - 30 stones (quivered)
 B - 16 arrows
Armour
 b - a +0 scale mail (worn)
 c - a +0 buckler (worn)
 i - a +0 leather armour
 k - a +0 ring mail
 m - a +0 ring mail
 s - a +0 robe
Magical Staves
 p - a staff of death
Scrolls
 e - 2 scrolls of identify {unknown}
Potions
 d - a potion of might
 o - 2 potions of ambrosia {unknown}


   Skills:
 + Level 3.3 Fighting
 + Level 2.4 Axes
 + Level 3.4 Armour
 + Level 3.2 Shields


You had 2 spell levels left.
You didn't know any spells.
Your spell library was empty.

Dungeon Overview and Level Annotations

Branches:
Dungeon (2/15)

Altars:

Shops:
D:1 (


Message History

C - a +0 rapier You slash the rat!
You kill the rat!
A worm comes into view.
The worm bites you!
You barely miss the worm. The worm bites you!
You completely miss the worm. You hit the worm.
The worm is lightly wounded.
The worm bites you.
You slash the worm!
The worm is severely wounded.
The worm bites you.
* * * LOW HITPOINT WARNING * * *
You barely miss the worm.
The worm is severely wounded.
The worm bites you.
* * * LOW HITPOINT WARNING * * *
You barely miss the worm.
The worm is heavily wounded.
The worm bites you but does no damage.
You barely miss the worm.
The worm is heavily wounded.
The worm bites you.
* * * LOW HITPOINT WARNING * * *
Press: ? - help, v - describe, . - travel The floor.
You hit the worm.
The worm is heavily wounded.
You hit the worm but do no damage.
The worm is heavily wounded.
You block the worm's attack.
You barely miss the worm.
The worm is heavily wounded.
The worm bites you.
* * * LOW HITPOINT WARNING * * *
You slash the worm!
The worm is almost dead.
The worm bites you!
You die...

# # #################
#................
#................
#................
#................
#.####................
#...w@................
######...........#####
#############


You could see a worm.

Vanquished Creatures
  A dart slug (D:2)
  3 endoplasms
  2 giant cockroaches (D:1)
  5 goblins (D:1)
  4 hobgoblins
  3 kobolds
  A quokka (D:1)
  2 bats (D:1)
  2 frilled lizards
  2 rats
25 creatures vanquished.

Notes
Turn   | Place    | Note
-------+----------+-------------------------------------------
     0 | D:1      | vecksagos the Human Fighter began the quest for the Orb.
     0 | D:1      | Reached XP level 1. HP: 18/18 MP: 1/1
   290 | D:1      | Reached XP level 2. HP: 22/24 MP: 2/2
   724 | D:1      | Found Ukomug's Weapon Shoppe.
   745 | D:1      | Reached XP level 3. HP: 21/29 MP: 3/3
  1507 | D:2      | Slain by a worm

Illustrated notes

Levels and vault maps discovered:
D:1:      lemuel_arrival_lava_pool, layout_basic, serial_shops,
          nicolae_shop_bloodbath_and_beyond
D:2:      layout_basic

Action                   || total
-------------------------++-------
Melee: War axe           ||    86
Armor: Scale mail        ||    48
Dodge: Dodged            ||    32
Block: Buckler           ||    13

Table legend: (Time is in decaauts)
 A = Elapsed time spent in this place.
 B = Non-inter-level travel time spent in this place.
 C = Inter-level travel time spent in this place.
 D = Time resting spent in this place.
 E = Time spent auto-exploring this place.
 F = Levels seen in this place.
 G = Mean time per level.
                   A        B        C        D        E       F      G
               +--------+--------+--------+--------+--------+-----+--------+
         Total |   1543 |   1530 |     13 |      0 |   1067 |   2 |  771.5 |
       Dungeon |   1543 |   1530 |     13 |      0 |   1067 |   2 |  771.5 |
               +--------+--------+--------+--------+--------+-----+--------+

Top non-repeatable levels by time:
     D:1: 1121 daAuts
     D:2: 421 daAuts
